 Dungeon Crawl Stone Soup version 0.30-a0-696-g2367cd04db (webtiles) character file.

Game seed: 10160785851415620271

310 wormed the Charlatan (level 6, -2/47 HPs)
             Began as a Demonspawn Artificer on Jan 20, 2023.
             Slain by a goblin
             ... wielding a +0 club
              (4 damage)
             ... on level 4 of the Dungeon.
             The game lasted 00:07:38 (3709 turns).

wormed the Charlatan (Demonspawn Artificer)         Turns: 3709, Time: 00:07:39

Health: -2/47      AC:  4    Str: 12    XL:     6   Next: 18%
Magic:  9/9        EV: 12    Int: 14    God:
Gold:   118        SH:  0    Dex: 14    Spells: 10/10 levels left

rFire   . . .      SeeInvis .    c - +0 short sword (elec)
rCold   . . .      Faith    .    (no shield)
rNeg    . . .      Spirit   .    m - +1 leather armour {rPois}
rPois   +          Reflect  .    (helmet restricted)
rElec   .          Harm     .    (no cloak)
rCorr   .          Rampage  .    (no gloves)
Will    .....                    (no boots)
Stlth   +                        (no amulet)
HPRegen 0.27/turn                (no ring)
MPRegen 0.22/turn                (no ring)

@: no status effects
A: antennae 1, ignite blood 1, magic regeneration
a: no special abilities


You were on level 4 of the Dungeon.
You visited 1 branch of the dungeon, and saw 4 of its levels.

You collected 118 gold pieces.

Inventory:

Hand Weapons
 c - a +0 short sword of electrocution (weapon)
Missiles
 h - 6 atropa-tipped darts
Armour
 m - a +1 leather armour of poison resistance (worn)
Jewellery
 k - the ring "Jesach" {Fire rElec Str-3 Int+3 Stlth+}
   (You took it off a goblin on level 3 of the Dungeon)

   [ring of fire]

   It enhances your fire magic.
   Str:       It affects your strength (-3).
   Int:       It affects your intelligence (+3).
   rF:        It protects you from fire.
   rC:        It makes you vulnerable to cold.
   rElec:     It insulates you from electricity.
   Stlth:     It makes you more stealthy.
Wands
 d - a wand of charming (8)
 e - a wand of iceblast (1) (quivered)
Scrolls
 g - 2 scrolls of teleportation
 j - a scroll of enchant armour
 p - 2 scrolls of vulnerability
Potions
 a - a potion of heal wounds {unknown}
 f - a potion of berserk rage
 i - a potion of curing {unknown}
 l - a potion of lignification
 q - a potion of resistance {unknown}
 r - a potion of attraction {unknown}


   Skills:
 + Level 3.1 Fighting
 - Level 1.7 Armour
 + Level 2.8 Dodging
 - Level 0.8 Stealth
 + Level 2.5 Spellcasting
 + Level 4.3 Evocations


You had 10 spell levels left.
You didn't know any spells.
Your spell library contained the following spells:

 Spells                   Type           Power      Damage    Failure   Level
 Sublimation of Blood     Necr           1%         N/A       41%         2
 Wereblood                Tmut           1%         N/A       41%         2
 Summon Hydra             Summ           0%         N/A       100%        7


Dungeon Overview and Level Annotations

Branches:
Dungeon (4/15)
 Temple: D:4-7

Altars:
Hepliaklqana
Kikubaaqudgha
Trog
Wu Jian

Shops:
D:2 (


Innate Abilities, Weirdness & Mutations

You have a pair of small antennae on your head.
Your demonic aura sometimes causes spilled blood to erupt in flames.
You regenerate magic rapidly.


Message History

The gnoll attacks as you move away! The gnoll barely misses you.
The gnoll is no longer moving quickly.
The gnoll hits you but does no damage.
As you read the scroll of teleportation, it crumbles to dust.
You feel strangely unstable. The gnoll closely misses you.
The gnoll barely misses you.
You hit the gnoll.
The gnoll is lightly wounded.
The gnoll is no longer moving quickly.
The gnoll hits you with a +0 flail!
* * * LOW HITPOINT WARNING * * *
The gnoll hits you with a +0 club.
* * * LOW HITPOINT WARNING * * *
The gnoll is no longer moving quickly.
The gnoll bouda barks out a call to the hunt!
The gnolls pick up the pace!
There is a stone staircase leading down here.
The gnoll attacks as you move away! The gnoll closely misses you.
Your surroundings suddenly seem different.
A goblin, an orc wizard and 4 orcs come into view.
An orc is wielding a +1 short sword of venom.
Found a book of Spatial Translocations.
The goblin shouts!
The orc shouts!
Aiming: Iceblast
Press: ? - help, Q - select action, (/) - cycle Shift-Dir - straight line The mass of ice explodes!
The iceblast engulfs the orc wizard!!
You kill the orc wizard!
The iceblast engulfs the orc!!
You kill the orc!
The iceblast engulfs the orc!
You kill the orc!
The orc shouts!
You barely miss the goblin. The goblin hits you but does no damage.
Aiming: Iceblast
Press: ? - help, Q - select action, (/) - cycle Shift-Dir - straight line, f - orc
Aim: an orc, wielding a +0 flail and wearing a +0 robe The mass of ice explodes!
The iceblast engulfs the orc!!
You kill the orc!
The iceblast engulfs the orc!!
You kill the orc!
The goblin hits you with a +0 club.
You die...

.......##
.....)).###
#.........#
#.....).:.###
. ..........#
...#...)....##
#.......)....#
#.g@.# ##..##
#..## #.. ...
..## #.. ...


You could see a goblin.

Vanquished Creatures
  An ogre (D:4)
  A hound (D:4)
  An orc wizard (D:4)
  7 adders
  2 worms (D:2)
  2 dart slugs (D:1)
  5 orcs
  3 ball pythons
  8 bats
  9 endoplasms
  4 giant cockroaches
  8 hobgoblins
  16 jackals
  3 quokkas (D:1)
  4 frilled lizards
  10 goblins
  3 kobolds
  5 rats
92 creatures vanquished.

Vanquished Creatures (others)
  A worm (D:2)
  2 quokkas (D:1)
3 creatures vanquished.

Grand Total: 95 creatures vanquished

Notes
Turn   | Place    | Note
-------+----------+-------------------------------------------
     0 | D:1      | wormed the Demonspawn Artificer began the quest for the
                  | Orb.
     0 | D:1      | Reached XP level 1. HP: 15/15 MP: 1/1
    77 | D:1      | Reached skill level 1 in Dodging
   216 | D:1      | Gained mutation: You regenerate magic rapidly. [demonic
                  | ancestry]
   216 | D:1      | Reached XP level 2. HP: 18/21 MP: 2/2
   517 | D:1      | Found a faded altar of an unknown god.
   531 | D:1      | Reached skill level 1 in Spellcasting
   678 | D:1      | Gained mutation: You have a pair of small antennae on your
                  | head. [demonic ancestry]
   678 | D:1      | Reached XP level 3. HP: 25/26 MP: 4/4
  1679 | D:2      | Gained mutation: Your demonic aura sometimes causes spilled
                  | blood to erupt in flames. [demonic ancestry]
  1679 | D:2      | Reached XP level 4. HP: 27/33 MP: 6/6
  1777 | D:2      | Found Rewobb's Weapon Shoppe.
  2541 | D:3      | Found an ornate altar of the Wu Jian Council.
  2546 | D:3      | Found an ancient bone altar of Kikubaaqudgha.
  2552 | D:3      | Found a hazy altar of Hepliaklqana.
  2942 | D:3      | Identified the ring "Jesach" {Fire rElec Str-3 Int+3
                  | Stlth+}
  3513 | D:4      | Reached XP level 5. HP: 33/39 MP: 7/7
  3571 | D:4      | Noticed an ogre
  3575 | D:4      | Killed an ogre
  3576 | D:4      | Reached skill level 4 in Evocations
  3618 | D:4      | Reached XP level 6. HP: 40/47 MP: 9/9
  3644 | D:4      | Found a bloodstained altar of Trog.
  3704 | D:4      | HP: 1/47 [gnoll/+0 club[a gnoll bouda] (3)]
  3709 | D:4      | Slain by a goblin

Illustrated notes

Levels and vault maps discovered:
D:1:      kennysheep_arrival_seaside, layout_basic,
          hellmonk_ecumenical_altar_slurped_away, grunt_decor_mini_mirrors
D:2:      layout_rooms, serial_shops, nicolae_shop_bloodbath_and_beyond,
          mrwooster_statue_mirror
D:3:      layout_basic, nicolae_elyvilon_temple_path,
          grunt_temple_overflow_open, serial_park_tiny_pond,
          chequers_serial_rivers_micro_b, minivault_19, minmay_goblin_outpost
D:4:      layout_cave_pools, nicolae_gozag_seed_capital,
          mainiacjoe_overflow_catwalk_spiral

Skill      XL: |  1  2  3  4  5 |
---------------+----------------+-----
Dodging        | 1 2 |  2.8
Spellcasting   | 1 2 |  2.5
Fighting       | 2 3 |  3.1
Evocations     | 4 |  4.3
Armour         | |  1.7
Stealth        | |  0.8

Action                   |  1- 3 |  4- 6 || total
-------------------------+-------+-------++-------
Melee: Club              |   139 |       ||   139
       Short sword       |    99 |   199 ||   298
       Punch             |     1 |     5 ||     6
Throw: Dart              |       |     6 ||     6
Evoke: Wand              |    22 |     4 ||    26
  Use: Scroll            |       |    11 ||    11
 Stab: Sleeping          |     4 |       ||     4
Armor: Leather armour    |   104 |    78 ||   182
Dodge: Dodged            |   221 |   159 ||   380

Table legend: (Time is in decaauts)
 A = Elapsed time spent in this place.
 B = Non-inter-level travel time spent in this place.
 C = Inter-level travel time spent in this place.
 D = Time resting spent in this place.
 E = Time spent auto-exploring this place.
 F = Levels seen in this place.
 G = Mean time per level.
                   A        B        C        D        E       F      G
               +--------+--------+--------+--------+--------+-----+--------+
         Total |   3752 |   3512 |    240 |      0 |   2395 |   4 |  938.0 |
       Dungeon |   3752 |   3512 |    240 |      0 |   2395 |   4 |  938.0 |
               +--------+--------+--------+--------+--------+-----+--------+

Top non-repeatable levels by time:
     D:1: 1306 daAuts
     D:2: 1142 daAuts
     D:3: 1094 daAuts
     D:4: 209 daAuts
